 Dungeon Sprint DCSS version 0.17-a0-1508-ge7f3dc3 (webtiles) character file.

570924 Kidiri the Invulnerable (level 22, -15/152 HPs)
             Began as a Gargoyle Fighter on July 10, 2015.
             Was the Champion of the Shining One.
             Killed from afar by a hellion (17 damage)
             ... with a burst of hellfire
             ... summoned by Asmodeus
             ... in the Dungeon (Sprint IX: "|||||||||||||||||||||||||||||").
             The game lasted 02:01:34 (21165 turns).

Kidiri the Invulnerable (Gargoyle Fighter)         Turns: 21165, Time: 02:01:34

Health: -15/152    AC: 59    Str: 33    XL:     22   Next: 84%
Magic:  20/39      EV: 30    Int: 10    God:    the Shining One [******]
Gold:   1145       SH: 48    Dex: 21    Spells: 0 memorised, 33 levels left

rFire  + + +     SeeInvis .     y - +9 sacred scourge (holy)
rCold  + + .     Clarity  .     J - +2 gold dragon armour
rNeg   + + +     SustAt   .     j - +1 large shield {AC+3}
rPois  ∞         Gourm    .     k - +0 hat of Hauliuc {rF+ Dex+5}
rElec  +         Spirit   .     s - +0 cloak of the Princeling {*Contam Str+6 Int+3 Stlth+}
rCorr  +         Warding  .     z - +2 pair of gloves {Dex+3}
rMut   .         NoTele   +     G - +2 pair of boots
MR     ++...                    W - amulet "Nytiroh" {rCorr rF+ Int-2 Dex+3}
Stlth  ++........               c - ring of protection from magic
                                H - ring of protection from cold

@: divine shield, glowing, very resistant to hostile enchantments, unstealthy
A: big wings, horns 2, repulsion field 1, clumsy 1, frail 1, negative energy
resistance 1, screaming 1, electricity resistance, spit poison 1, unbreathing,
petrification resistance, no device heal 1, rot immunity, subdued magic 1, AC
+16
a: Spit Poison, Fly, Divine Shield, Cleansing Flame, Summon Divine Warrior,
Renounce Religion
}: 10/15 runes: decaying, serpentine, barnacled, slimy, elven, silver, golden,
bone, abyssal, gossamer


You were in the Dungeon.
You worshipped the Shining One.
The Shining One was exalted by your worship.
You were hungry.

You visited 1 branch You collected 1959 gold pieces.
You spent 814 gold pieces at shops.

Inventory:

Hand weapons
 y - a +9 sacred scourge of holy wrath (weapon)
Missiles
 M - 21 javelins (quivered)
Armour
 j - a +1 large shield of protection (worn)
 k - the +0 hat of Hauliuc (worn) {rF+ Dex+5}
   (You found it in the Dungeon)

   It affects your dexterity (+5).
   It protects you from fire.
 s - the +0 cloak of the Princeling (worn) {*Contam Str+6 Int+3 Stlth+}
   (Okawaru gifted it to you in the Dungeon)

   It affects your strength (+6).
   It affects your intelligence (+3).
   It causes magical contamination when unequipped.
   It makes you more stealthy.
 z - a +2 pair of gloves of dexterity (worn)
 G - a +2 pair of boots (worn)
 J - a +2 gold dragon armour (worn)
Jewellery
 c - a ring of protection from magic (right hand)
 v - an uncursed ring of protection from fire
 A - an uncursed amulet of regeneration
 H - a ring of protection from cold (left hand)
 V - the amulet of Ejacweph {Faith rN+ Str+3 Int+3 Dex+4}
   (You found it in the Dungeon)

   [amulet of faith]

   It allows you to gain divine favour quickly.
   It affects your strength (+3).
   It affects your intelligence (+3).
   It affects your dexterity (+4).
   It protects you from negative energy.
 W - the amulet "Nytiroh" (around neck) {rCorr rF+ Int-2 Dex+3}
   (You found it in the Dungeon)

   [amulet of resist corrosion]

   It protects you from acid and corrosion.
   It affects your intelligence (-2).
   It affects your dexterity (+3).
   It protects you from fire.
Magical devices
 p - a wand of fire (2)
 Q - a wand of hasting (3)
 U - a wand of draining (7)
Scrolls
 n - 4 scrolls of remove curse
 o - 2 scrolls of amnesia
 B - 5 scrolls of fear
 D - 2 scrolls of recharging
 L - 2 scrolls of fog
Potions
 d - 2 potions of might
 f - 6 potions of curing
 g - 3 potions of heal wounds
 h - 5 potions of haste
 i - 5 potions of magic
 m - a potion of invisibility
 q - a potion of lignification
 E - 2 potions of agility
 I - 2 potions of flight
 K - 2 potions of berserk rage
 P - 4 potions of brilliance
Comestibles
 a - a fruit
 e - 15 bread rations
 u - 7 meat rations


   Skills:
 O Level 27 Fighting
 O Level 27 Maces & Flails
 O Level 27 Throwing
 O Level 27 Armour
 O Level 27 Dodging
 O Level 27 Stealth
 O Level 27 Shields
 + Level 7.1 Unarmed Combat
 + Level 6.4 Spellcasting
 O Level 27 Invocations
 O Level 27 Evocations


You had 33 spell levels left.
You didn't know any spells.

Dungeon Overview and Level Annotations

Branches:
Dungeon (1/1)

Altars:
Cheibriados
Dithmenos
Elyvilon
Fedhas
Gozag
Kikubaaqudgha
Makhleb
Nemelex Xobeh
Okawaru
Qazlal
Ru
Sif Muna
Trog
Vehumet
Xom
Yredelemnul
Zin
The Shining One
Beogh
Jiyva
Lugonu

Shops:
D [*(=

Annotations:
D Asmodeus, Mnoleg


Innate Abilities, Weirdness & Mutations

You are resistant to torment.
Your stone body is resilient (AC +16).
You are immune to poison.
Your large and strong wings let you fly indefinitely.
You resist negative energy.
You are resistant to electric shocks.
You can survive without breathing.
You are immune to petrification.
You are immune to rotting.
You have a pair of horns on your head.
You are surrounded by a mild repulsion field (EV +2).
You are clumsy. (Dex -2)
You are frail (-10% HP).
You occasionally shout uncontrollably at your foes.
You can spit weak poison.
Potions and wands are less effective at restoring your health.
Your spells are a little easier to cast, but a little less powerful.


Message History

You hit the Brimstone Fiend.
The Brimstone Fiend convulses.
The Brimstone Fiend is almost dead.
The Brimstone Fiend gestures at you.
The hellfire explodes!
The blast of hellfire engulfs you!
The blast of hellfire engulfs the Brimstone Fiend.
The Brimstone Fiend completely resists.
The hellion gestures at you.
The hellfire explodes!
The burst of hellfire engulfs you!
* * * LOW HITPOINT WARNING * * *
The burst of hellfire engulfs the Brimstone Fiend.
The Brimstone Fiend completely resists.
Unknown command.
The hellion gestures at you.
The hellfire explodes!
The burst of hellfire engulfs you!
* * * LOW HITPOINT WARNING * * *
The Brimstone Fiend calls on the powers of darkness!
You feel a surge of unholy energy. The hellion gestures at you.
The hellfire explodes!
The burst of hellfire engulfs you!
You die...

▓▓▓▓▓▓▓▓▓▓▓▓▓▓▓▓▓▓▓▓▓▓▓▓▓▓▓▓▓▓▓▓
▓..............@..1..X2&&§§§§§§§
▓.▓▓▓▓▓▓▓▓▓▓▓▓▓▓▓▓▓▓▓▓▓▓▓▓▓▓▓▓▓▓
▓...............................
▓▓▓▓▓▓▓▓▓▓▓▓▓▓▓▓▓▓▓▓▓▓▓▓▓▓▓▓▓▓▓▓
▓.....'............'..........'.
▓.▓▓▓▓▓▓▓▓▓▓▓▓▓▓▓▓▓▓▓▓▓▓▓▓▓▓▓▓▓▓
▓...............................
▓▓▓▓▓▓▓▓▓▓▓▓▓▓▓▓♣♣♣♣♣♣♣♣♣♣♣♣▓▓▓▓
▓.))).))........))))........).)(


You could see a tentacled monstrosity, a Brimstone Fiend and a hellion.

Vanquished Creatures
  Cerebov (D)
  Antaeus (D)
  the royal jelly (D)
  Ereshkigal (D)
  3 orbs of fire (D)
  4 ancient liches (D)
  Mara (D)
  Mennas (D)
  5 greater mummies (D)
  Boris (D)
  Frederick (D)
  Margery (D)
  Norris (D)
  Geryon (D)
  2 golden dragons (D)
  Nikola (D)
  Jory (D)
  Xtahua (D)
  A bone dragon (D)
  2 electric golems (D)
  5 tentacled monstrosities (D)
  3 liches (D)
  A quicksilver dragon (D)
  28 Orb Guardians (D)
  3 deep elf blademasters (D)
  A titan (D)
  3 deep elf master archers (D)
  8 acid blobs (D)
  12 sphinxes (D)
  A thorn hunter (D)
  4 storm dragons (D)
  7 shadow dragons (D)
  A draconian monk (D)
  5 greater nagas (D)
  Ilsuiw (D)
  8 azure jellies (D)
  9 fire giants (D)
  5 draconian knights (D)
  2 orc warlords (D)
  2 ghost moths (D)
  8 frost giants (D)
  2 draconian scorchers (D)
  Louise (D)
  5 emperor scorpions (D)
  2 deep elf sorcerers (D)
  A draconian zealot (D)
  A draconian shifter (D)
  4 draconian annihilators (D)
  7 vault wardens (D)
  A very ugly thing (D)
  4 ironheart preservers (D)
  8 stone giants (D)
  A draconian caller (D)
  3 deep elf demonologists (D)
  A green draconian (D)
  2 white draconians (D)
  4 black draconians (D)
  A purple draconian (D)
  2 mottled draconians (D)
  A deep elf annihilator (D)
  7 vampire knights (D)
  3 red draconians (D)
  5 yellow draconians (D)
  3 deep elf death magi (D)
  5 yaktaur captains (D)
  4 mummy priests (D)
  3 merfolk javelineers (D)
  25 vault guards (D)
  5 fire dragons (D)
  A great orb of eyes (D)
  2 ettins (D)
  5 merfolk impalers (D)
  An entropy weaver (D)
  12 death oozes (D)
  8 ice dragons (D)
  3 deep elf high priests (D)
  8 hydras (D)
  3 naga warriors (D)
  3 centaur warriors (D)
  A merfolk avatar (D)
  An anaconda (D)
  A satyr (D)
  5 merfolk aquamancers (D)
  A deep troll shaman (D)
  6 orc high priests (D)
  3 tengu warriors (D)
  A shock serpent (D)
  2 deep elf knights (D)
  Sonja (D)
  Nergalle (D)
  A wretched star (D)
  3 hell knights (D)
  2 spriggan druids (D)
  A salamander mystic (D)
  A skeletal warrior (D)
  2 unseen horrors (D)
  A shadow wraith (D)
  6 swamp dragons (D)
  3 necromancers (D)
  4 orc knights (D)
  2 ironbrand convokers (D)
  2 hill giants (D)
  3 ugly things (D)
  A deep elf conjurer (D)
  A harpy (shapeshifter) (D)
  2 wolf spiders (D)
  2 orb spiders (D)
  2 hornets (D)
  2 orc sorcerers (D)
  2 vault sentinels (D)
  2 griffons (D)
  7 guardian serpents (D)
  10 moths of wrath (D)
  A cyclops (D)
  8 elephants (D)
  A sixfirhy (D)
  2 salamanders (D)
  4 black mambas (D)
  A black mamba (shapeshifter) (D)
  4 yaktaurs (D)
  A komodo dragon (D)
  An orange demon (D)
  4 spiny frogs (D)
  6 demonic crawlers (D)
  4 small abominations (D)
  A wandering mushroom (D)
  A two-headed ogre (D)
  13 merfolk (D)
  19 guardian mummies (D)
  2 freezing wraiths (D)
  A troll (D)
  3 jumping spiders (D)
  2 slime creatures (D)
  A boulder beetle (D)
  A two-headed ogre (shapeshifter) (D)
  A snapping turtle (D)
  2 trapdoor spiders (D)
  11 spriggans (D)
  3 water elementals (D)
  A large abomination (D)
  Grum (D)
  6 wolves (D)
  3 hippogriffs (D)
  3 golden eyes (D)
  A warg (D)
  2 water moccasins (D)
  3 nagas (D)
  An ice beast (D)
  A swamp drake (D)
  A spider (D)
  12 orc warriors (D)
  An eye of draining (D)
  A phantom (D)
  A wasp (D)
  2 ogres (D)
  5 crocodiles (D)
  4 giant frogs (D)
  2 wights (D)
  A crimson imp (D)
  A jelly (D)
  13 orc priests (D)
  An iguana (D)
  2 orc wizards (D)
  A sheep (D)
  2 giant eyeballs (D)
  An ufetubus (D)
  An adder skeleton (D)
  A giant gecko (D)
  7 orcs (D)
  A bat skeleton (D)
  A bat zombie (D)
  A goblin (D)
  2 hobgoblins (D)
  2 kobolds (D)
  A quokka (D)
  A bat (D)
  A giant cockroach zombie (D)
  3 rats (D)
  3 fire vortices (D)
586 creatures vanquished.

Vanquished Creatures (others)
  An orc wizard (D)
1 creature vanquished.

Grand Total: 587 creatures vanquished

Notes
Turn   | Place    | Note
--------------------------------------------------------------
     0 | D        | Kidiri the Gargoyle Fighter began the quest for the Orb.
     0 | D        | Reached XP level 1. HP: 14/14 MP: 1/1
    15 | D        | Reached skill level 4 in Shields
    16 | D        | Reached XP level 2. HP: 17/19 MP: 2/2
    70 | D        | Found a glowing silver altar of Zin.
    70 | D        | Found a glowing golden altar of the Shining One.
    70 | D        | Found an ancient bone altar of Kikubaaqudgha.
    70 | D        | Found a basalt altar of Yredelemnul.
    70 | D        | Found a shimmering altar of Xom.
    70 | D        | Found a radiant altar of Vehumet.
    71 | D        | Found an iron altar of Okawaru.
    72 | D        | Found a burning altar of Makhleb.
    73 | D        | Found a deep blue altar of Sif Muna.
    74 | D        | Found a bloodstained altar of Trog.
    75 | D        | Found a sparkling altar of Nemelex Xobeh.
    76 | D        | Found a white marble altar of Elyvilon.
    77 | D        | Found a roughly hewn altar of Beogh.
    78 | D        | Found a viscous altar of Jiyva.
    79 | D        | Became a worshipper of Warmaster Okawaru
    80 | D        | Found a corrupted altar of Lugonu.
    81 | D        | Found a blossoming altar of Fedhas.
    82 | D        | Found a snail-covered altar of Cheibriados.
    83 | D        | Found a shadowy altar of Dithmenos.
    84 | D        | Found a stormy altar of Qazlal.
    85 | D        | Found an opulent altar of Gozag.
    86 | D        | Found a sacrificial altar of Ru.
   130 | D        | Noticed a wight
   130 | D        | Noticed a giant frog
   130 | D        | Noticed a giant frog
   130 | D        | Noticed an ice beast
   130 | D        | Noticed an ogre
   154 | D        | Killed a wight
   154 | D        | Reached skill level 5 in Armour
   154 | D        | Reached skill level 5 in Shields
   154 | D        | Reached XP level 3. HP: 16/24 MP: 2/4
   154 | D        | Reached XP level 4. HP: 20/30 MP: 2/5
   158 | D        | Killed a giant frog
   158 | D        | Reached skill level 5 in Fighting
   158 | D        | Reached skill level 6 in Armour
   158 | D        | Reached XP level 5. HP: 22/35 MP: 2/7
   166 | D        | Killed a giant frog
   166 | D        | Reached skill level 7 in Armour
   176 | D        | Killed an ice beast
   176 | D        | Acquired Okawaru's first power
   176 | D        | Reached skill level 5 in Maces & Flails
   176 | D        | Reached skill level 8 in Armour
   176 | D        | Reached XP level 6. HP: 29/41 MP: 4/9
   182 | D        | Killed an ogre
   182 | D        | Reached skill level 5 in Invocations
   329 | D        | Noticed a hill giant
   329 | D        | Noticed a phantom
   329 | D        | Noticed a purple ugly thing
   329 | D        | Noticed a wasp
   329 | D        | Noticed an orc warrior
   342 | D        | Killed a hill giant
   342 | D        | Reached skill level 10 in Armour
   342 | D        | Reached skill level 10 in Shields
   342 | D        | Reached XP level 7. HP: 18/48 MP: 8/11
   365 | D        | Killed a purple ugly thing
   365 | D        | Reached skill level 11 in Armour
   365 | D        | Reached XP level 8. HP: 39/55 MP: 10/13
   368 | D        | Killed a wasp
   375 | D        | Killed an orc warrior
   389 | D        | Killed a phantom
   652 | D        | Noticed an iguana
   652 | D        | Noticed a crocodile
   652 | D        | Noticed a wolf
   652 | D        | Noticed a crocodile
   652 | D        | Noticed a water moccasin
   652 | D        | Noticed a crocodile
   653 | D        | Killed an iguana
   659 | D        | Killed a crocodile
   660 | D        | Noticed a hippogriff
   661 | D        | Noticed a water moccasin
   663 | D        | Noticed a crocodile
   665 | D        | Killed a wolf
   665 | D        | Reached skill level 1 in Dodging
   665 | D        | Reached XP level 9. HP: 52/60 MP: 14/14
   671 | D        | Killed a crocodile
   678 | D        | Killed a water moccasin
   678 | D        | Reached skill level 12 in Armour
   681 | D        | Killed a crocodile
   686 | D        | Killed a hippogriff
   693 | D        | Killed a water moccasin
   695 | D        | Killed a crocodile
   695 | D        | Acquired Okawaru's second power
   760 | D        | Noticed a four-headed hydra
   760 | D        | Noticed a komodo dragon
   760 | D        | Noticed a giant frog
   760 | D        | Noticed a wolf
   760 | D        | Noticed a crocodile
   760 | D        | Noticed a hippogriff
   762 | D        | Noticed a black mamba
   773 | D        | Killed a four-headed hydra
   773 | D        | Reached skill level 13 in Shields
   783 | D        | Killed a komodo dragon
   783 | D        | Reached XP level 10. HP: 27/68 MP: 14/16
   789 | D        | Killed a giant frog
   792 | D        | Killed a wolf
   792 | D        | Reached skill level 10 in Fighting
   796 | D        | Killed a crocodile
   802 | D        | Killed a hippogriff
   806 | D        | Noticed a spiny frog
   806 | D        | Killed a black mamba
   820 | D        | Killed a spiny frog
   993 | D        | Noticed an elephant
   993 | D        | Noticed an elephant
   993 | D        | Noticed an elephant
   993 | D        | Noticed an elephant
   993 | D        | Noticed an elephant
   993 | D        | Noticed an elephant
  1007 | D        | Killed an elephant
  1007 | D        | Received a gift from Okawaru
  1016 | D        | Killed an elephant
  1016 | D        | Reached skill level 14 in Armour
  1023 | D        | Killed an elephant
  1031 | D        | Killed an elephant
  1041 | D        | Killed an elephant
  1041 | D        | Reached skill level 5 in Dodging
  1048 | D        | Noticed an elephant
  1054 | D        | Noticed an elephant
  1064 | D        | Killed an elephant
  1072 | D        | Killed an elephant
  1072 | D        | Reached skill level 10 in Maces & Flails
  1072 | D        | Reached XP level 11. HP: 54/74 MP: 18/18
  1080 | D        | Killed an elephant
  1620 | D        | Noticed Sonja
  1629 | D        | Killed Sonja
  1629 | D        | Received a gift from Okawaru
  1629 | D        | Reached skill level 15 in Armour
  1629 | D        | Reached skill level 15 in Shields
  1670 | D        | Noticed an orc wizard
  1670 | D        | Noticed an orc priest
  1670 | D        | Noticed an orc priest
  1670 | D        | Noticed an orc priest
  1670 | D        | Noticed an orc wizard
  1673 | D        | Killed an orc wizard
  1674 | D        | Noticed an orc knight
  1678 | D        | Killed an orc priest
  1679 | D        | Killed an orc priest
  1680 | D        | Noticed an orc wizard
  1682 | D        | Noticed an orc priest
  1683 | D        | Killed an orc priest
  1711 | D        | Killed an orc knight
  1717 | D        | Killed an orc wizard
  1724 | D        | Killed an orc wizard
  1727 | D        | Killed an orc priest
  1751 | D        | Noticed an orc priest
  1757 | D        | Killed an orc priest
  1759 | D        | Noticed an orc priest
  1768 | D        | Killed an orc priest
  1855 | D        | Noticed an orc knight
  1855 | D        | Noticed an orc sorcerer
  1855 | D        | Noticed an orc warrior
  1855 | D        | Noticed an orc warrior
  1855 | D        | Noticed an orc warrior
  1855 | D        | Noticed an orc warrior
  1856 | D        | Noticed an orc knight
  1864 | D        | Killed an orc knight
  1865 | D        | Noticed an orc warrior
  1869 | D        | Killed an orc sorcerer
  1870 | D        | Noticed an orc warrior
  1878 | D        | Killed an orc warrior
  1887 | D        | Killed an orc warrior
  1889 | D        | Killed an orc warrior
  1890 | D        | Noticed an orc warrior
  1891 | D        | Noticed an orc warrior
  1898 | D        | Killed an orc knight
  1909 | D        | Killed an orc warrior
  1913 | D        | Killed an orc warrior
  1916 | D        | Killed an orc warrior
  1919 | D        | Killed an orc warrior
  1923 | D        | Killed an orc warrior
  1977 | D        | Found Qamneo's Armour Emporium.
  1977 | D        | Noticed an orc high priest
  1977 | D        | Noticed an orc priest
  1977 | D        | Noticed an orc high priest
  1977 | D        | Noticed an orc high priest
  1977 | D        | Noticed an orc priest
  1986 | D        | Gained mutation: Your magical capacity is low (-10% MP). [a neqoxec]
  1992 | D        | Gained mutation: You expend magic power (3 MP) to strengthen your wands. [a neqoxec]
  2034 | D        | Killed an orc high priest
  2034 | D        | Reached skill level 16 in Armour
  2051 | D        | Killed an orc high priest
  2051 | D        | Received a gift from Okawaru
  2057 | D        | Killed an orc priest
  2061 | D        | Killed an orc priest
  2070 | D        | Killed an orc high priest
  2099 | D        | Noticed an orc priest
  2104 | D        | Killed an orc priest
  2211 | D        | Noticed an orc priest
  2214 | D        | Killed an orc priest
  2370 | D        | Found Xamnuyqaup's Assorted Antiques.
  2374 | D        | Found Xeen's Weapon Emporium.
  2376 | D        | Noticed an orc priest
  2377 | D        | Found Amaizuh's Jewellery Shoppe.
  2378 | D        | Noticed an orc priest
  2378 | D        | Noticed an orc high priest
  2383 | D        | Noticed an orc high priest
  2436 | D        | Killed an orc priest
  2440 | D        | Killed an orc priest
  2450 | D        | Killed an orc high priest
  2630 | D        | Killed an orc high priest
  2630 | D        | Reached XP level 12. HP: 82/82 MP: 17/17
  2695 | D        | Noticed an orc priest
  2701 | D        | Killed an orc priest
  2721 | D        | Noticed an orc high priest
  2729 | D        | Killed an orc high priest
  2754 | D        | Bought a +2 pair of gloves of dexterity for 258 gold pieces
  2767 | D        | Bought an uncursed amulet of regeneration for 360 gold pieces
  2945 | D        | Noticed a tengu warrior
  2945 | D        | Noticed a wight
  2945 | D        | Noticed a griffon
  2945 | D        | Noticed a hill giant
  2945 | D        | Noticed a hippogriff
  2958 | D        | Killed a tengu warrior
  2958 | D        | Reached skill level 17 in Armour
  2959 | D        | Killed a wight
  2960 | D        | Noticed a cyclops
  2966 | D        | Noticed a cyan very ugly thing
  2966 | D        | Killed a griffon
  2967 | D        | Noticed a hog
  2967 | D        | a hog changed into a black mamba
  2973 | D        | Noticed a tengu warrior
  2973 | D        | Killed a hill giant
  2975 | D        | Noticed an ice dragon
  2976 | D        | Killed a hippogriff
  2978 | D        | Noticed a yaktaur
  2989 | D        | Killed a cyan very ugly thing
  2992 | D        | Killed a cyclops
  3002 | D        | Killed a tengu warrior
  3008 | D        | Killed an ice dragon
  3014 | D        | Killed a yaktaur
  3017 | D        | Noticed a slime creature
  3018 | D        | Noticed a centaur warrior
  3019 | D        | Noticed a great orb of eyes
  3025 | D        | Killed a slime creature
  3031 | D        | Killed a centaur warrior
  3031 | D        | Reached skill level 18 in Armour
  3038 | D        | Killed a great orb of eyes
  3057 | D        | Gained mutation: Your muscles are strong. (Str +2) [mutagenic meat]
  3059 | D        | Gained mutation: You have a pair of small horns on your head. [mutagenic meat]
  3060 | D        | Gained mutation: You are clumsy. (Dex -2) [mutagenic meat]
  3151 | D        | Noticed Nergalle
  3162 | D        | Killed Nergalle
  3162 | D        | Received a gift from Okawaru
  3220 | D        | Noticed a hornet
  3220 | D        | Noticed a swamp drake
  3220 | D        | Noticed a six-headed hydra
  3220 | D        | Noticed a spiny frog
  3220 | D        | Noticed a spiny frog
  3220 | D        | Noticed a spiny frog
  3230 | D        | Noticed a spriggan druid
  3232 | D        | Killed a hornet
  3234 | D        | Killed a six-headed hydra
  3237 | D        | Killed a swamp drake
  3238 | D        | Noticed a thorn hunter
  3239 | D        | Killed a spiny frog
  3244 | D        | Killed a spiny frog
  3250 | D        | Killed a spiny frog
  3250 | D        | Reached XP level 13. HP: 89/89 MP: 12/18
  3262 | D        | Killed a spriggan druid
  3263 | D        | Noticed a slime creature
  3271 | D        | Killed a thorn hunter
  3276 | D        | Killed a slime creature
  3287 | D        | Noticed an eight-headed hydra
  3294 | D        | Noticed a snapping turtle
  3297 | D        | Killed an eight-headed hydra
  3310 | D        | Killed a snapping turtle
  3344 | D        | Noticed a demonic crawler
  3344 | D        | Noticed an orb spider
  3344 | D        | Noticed an orb spider
  3344 | D        | Noticed a wolf spider
  3344 | D        | Noticed a demonic crawler
  3344 | D        | Noticed a trapdoor spider
  3354 | D        | Killed a demonic crawler
  3358 | D        | Killed an orb spider
  3358 | D        | Reached skill level 19 in Armour
  3359 | D        | Noticed a hornet
  3360 | D        | Noticed a spider
  3362 | D        | Killed an orb spider
  3369 | D        | Killed a wolf spider
  3375 | D        | Killed a demonic crawler
  3380 | D        | Killed a hornet
  3387 | D        | Killed a spider
  3393 | D        | Killed a trapdoor spider
  3396 | D        | Noticed a trapdoor spider
  3400 | D        | Killed a trapdoor spider
  3427 | D        | Noticed a merfolk avatar
  3427 | D        | Noticed a griffon
  3427 | D        | Noticed a satyr
  3427 | D        | Noticed a water elemental
  3427 | D        | Noticed a merfolk
  3428 | D        | Noticed a water elemental
  3429 | D        | Noticed a water elemental
  3432 | D        | Killed a merfolk avatar
  3433 | D        | Noticed a merfolk
  3438 | D        | Killed a griffon
  3443 | D        | Killed a satyr
  3447 | D        | Killed a water elemental
  3452 | D        | Killed a merfolk
  3455 | D        | Killed a water elemental
  3462 | D        | Killed a water elemental
  3471 | D        | Killed a merfolk
  3590 | D        | Noticed a black mamba
  3590 | D        | Noticed a shock serpent
  3590 | D        | Noticed an anaconda
  3590 | D        | Noticed a salamander mystic
  3590 | D        | Noticed a guardian serpent
  3590 | D        | Noticed a black mamba
  3592 | D        | Killed a black mamba
  3592 | D        | Reached skill level 10 in Dodging
  3593 | D        | Noticed a black mamba
  3596 | D        | Noticed a guardian serpent
  3599 | D        | Noticed a naga warrior
  3599 | D        | Killed an anaconda
  3605 | D        | Killed a shock serpent
  3613 | D        | Killed a naga warrior
  3613 | D        | Received a gift from Okawaru
  3613 | D        | Reached skill level 15 in Fighting
  3621 | D        | Killed a black mamba
  3635 | D        | Killed a guardian serpent
  3638 | D        | Killed a black mamba
  3638 | D        | Reached skill level 20 in Armour
  3644 | D        | Killed a guardian serpent
  3659 | D        | Killed a salamander mystic
  3676 | D        | Gained mutation: You are very clumsy. (Dex -4) [mutagenic meat]
  3678 | D        | Lost mutation: You are very clumsy. (Dex -4) [mutagenic meat]
  3679 | D        | Gained mutation: Potions and wands are less effective at restoring your health. [mutagenic meat]
  3680 | D        | Gained mutation: You have a pair of horns on your head. [mutagenic meat]
  3730 | D        | Noticed a wolf
  3731 | D        | Noticed Grum
  3732 | D        | Noticed a wolf
  3736 | D        | Noticed a wolf
  3736 | D        | Killed a wolf
  3737 | D        | Noticed a wolf
  3742 | D        | Killed Grum
  3745 | D        | Killed a wolf
  3751 | D        | Killed a wolf
  3756 | D        | Killed a wolf
  3824 | D        | Noticed an ice dragon
  3824 | D        | Noticed an entropy weaver
  3824 | D        | Noticed a fire dragon
  3824 | D        | Noticed a stone giant
  3824 | D        | Noticed a green ugly thing
  3824 | D        | Noticed a frost giant
  3839 | D        | Noticed a deep troll shaman
  3843 | D        | Killed an ice dragon
  3844 | D        | Noticed an ice dragon
  3864 | D        | Killed an entropy weaver
  3865 | D        | Noticed an ettin
  3889 | D        | Killed a fire dragon
  3890 | D        | Noticed a frost giant
  3901 | D        | Killed a stone giant
  3901 | D        | Gained mutation: Your large and strong wings let you fly indefinitely. [Gargoyle growth]
  3901 | D        | Reached XP level 14. HP: 52/98 MP: 15/19
  3928 | D        | Killed a green ugly thing
  3944 | D        | Killed a frost giant
  3944 | D        | Received a gift from Okawaru
  3948 | D        | Killed a deep troll shaman
  3953 | D        | Got a heavily runed hat {god gift}
  4032 | D        | Identified the +0 hat of Fuluoj {Dex+5} (Okawaru gifted it to you in the Dungeon)
  4123 | D        | Killed an ice dragon
  4209 | D        | Noticed an ice dragon
  4217 | D        | Killed a frost giant
  4229 | D        | Killed an ice dragon
  4247 | D        | Killed an ettin
  4247 | D        | Reached skill level 21 in Armour
  4257 | D        | Noticed a yaktaur
  4266 | D        | Killed a yaktaur
  4280 | D        | Noticed a necromancer
  4288 | D        | Noticed a necromancer
  4289 | D        | Killed a necromancer
  4320 | D        | Killed a necromancer
  4327 | D        | Noticed a quicksilver dragon
  4328 | D        | Noticed a yaktaur
  4329 | D        | Noticed a tengu warrior
  4348 | D        | Killed a quicksilver dragon
  4353 | D        | Killed a yaktaur
  4358 | D        | Killed a tengu warrior
  4364 | D        | Noticed a fire giant
  4383 | D        | Killed a fire giant
  4508 | D        | Noticed a vault warden
  4508 | D        | Noticed a yaktaur captain
  4508 | D        | Noticed a wolf spider
  4508 | D        | Noticed a vault warden
  4508 | D        | Noticed an ironheart preserver
  4509 | D        | Noticed a vault warden
  4521 | D        | Killed a vault warden
  4521 | D        | Reached skill level 15 in Maces & Flails
  4523 | D        | Noticed a skeletal warrior
  4527 | D        | Killed a yaktaur captain
  4532 | D        | Killed an unseen horror
  4539 | D        | Killed a wolf spider
  4548 | D        | Killed a vault warden
  4549 | D        | Noticed an ironheart preserver
  4550 | D        | Noticed a brown ugly thing
  4558 | D        | Noticed an ironheart preserver
  4561 | D        | Killed a vault warden
  4561 | D        | Received a gift from Okawaru
  4572 | D        | Noticed a vault warden
  4572 | D        | Killed an ironheart preserver
  4572 | D        | Reached skill level 22 in Armour
  4579 | D        | Killed a skeletal warrior
  4581 | D        | Noticed a two-headed ogre
  4595 | D        | Killed an ironheart preserver
  4602 | D        | Noticed a boulder beetle
  4602 | D        | Killed an ironheart preserver
  4603 | D        | Killed a brown ugly thing
  4610 | D        | Killed a vault warden
  4612 | D        | Killed a two-headed ogre
  4617 | D        | Noticed a freezing wraith
  4620 | D        | Killed a boulder beetle
  4621 | D        | Noticed a deep elf knight
  4623 | D        | Noticed an orc knight
  4628 | D        | Noticed a yaktaur captain
  4628 | D        | Killed a freezing wraith
  4634 | D        | Noticed an ironheart preserver
  4642 | D        | Killed a deep elf knight
  4644 | D        | Noticed a hog
  4647 | D        | a hog changed into a harpy
  4654 | D        | Killed an orc knight
  4654 | D        | Reached XP level 15. HP: 99/107 MP: 19/19
  4659 | D        | Killed a yaktaur captain
  4672 | D        | Killed an ironheart preserver
  4676 | D        | Noticed a vault warden
  4692 | D        | Killed a vault warden
  4738 | D        | Gained mutation: You occasionally shout uncontrollably at your foes. [mutagenic meat]
  4739 | D        | Gained mutation: Your spells are a little easier to cast, but a little less powerful. [mutagenic meat]
  5029 | D        | Noticed an emperor scorpion
  5029 | D        | Noticed a demonic crawler
  5029 | D        | Noticed a jumping spider
  5029 | D        | Noticed a demonic crawler
  5029 | D        | Noticed a jumping spider
  5033 | D        | Noticed a moth of wrath
  5035 | D        | Killed a ghost moth
  5035 | D        | Reached skill level 1 in Evocations
  5036 | D        | Noticed a jumping spider
  5039 | D        | Killed a jumping spider
  5047 | D        | Killed a jumping spider
  5052 | D        | Noticed an emperor scorpion
  5070 | D        | Killed an emperor scorpion
  5081 | D        | Killed a demonic crawler
  5081 | D        | Reached skill level 23 in Armour
  5084 | D        | Killed a demonic crawler
  5087 | D        | Killed a moth of wrath
  5088 | D        | Noticed an emperor scorpion
  5107 | D        | Killed an emperor scorpion
  5107 | D        | Received a gift from Okawaru
  5125 | D        | Killed an emperor scorpion
  5126 | D        | Noticed a demonic crawler
  5127 | D        | Noticed an emperor scorpion
  5128 | D        | Noticed an emperor scorpion
  5136 | D        | Killed a demonic crawler
  5154 | D        | Killed an emperor scorpion
  5170 | D        | Killed an emperor scorpion
  5175 | D        | Got a gossamer rune of Zot
  5192 | D        | Lost mutation: Your magical capacity is low (-10% MP). [mutagenic meat]
  5193 | D        | Lost mutation: Your muscles are strong. (Str +2) [mutagenic meat]
  5194 | D        | Gained mutation: You can spit weak poison. [mutagenic meat]
  5219 | D        | Noticed a swamp dragon
  5219 | D        | Noticed a four-headed hydra
  5219 | D        | Noticed an eight-headed hydra
  5219 | D        | Noticed an eight-headed hydra
  5219 | D        | Noticed a four-headed hydra
  5220 | D        | Noticed a spriggan druid
  5225 | D        | Killed a swamp dragon
  5226 | D        | Noticed a swamp dragon
  5231 | D        | Killed a four-headed hydra
  5232 | D        | Noticed an eight-headed hydra
  5233 | D        | Noticed a swamp dragon
  5238 | D        | Killed an eight-headed hydra
  5240 | D        | Killed an eight-headed hydra
  5241 | D        | Noticed a swamp dragon
  5247 | D        | Killed a four-headed hydra
  5248 | D        | Noticed a swamp dragon
  5255 | D        | Killed a spriggan druid
  5264 | D        | Killed a swamp dragon
  5270 | D        | Killed an eight-headed hydra
  5270 | D        | Received a gift from Okawaru
  5273 | D        | Noticed a swamp dragon
  5276 | D        | Killed a swamp dragon
  5283 | D        | Killed a swamp dragon
  5292 | D        | Killed a swamp dragon
  5300 | D        | Killed a swamp dragon
  5300 | D        | Reached skill level 5 in Evocations
  5302 | D        | Got a decaying rune of Zot
  5355 | D        | Noticed a merfolk impaler
  5355 | D        | Noticed a merfolk
  5355 | D        | Noticed a merfolk aquamancer
  5355 | D        | Noticed a merfolk javelineer
  5355 | D        | Noticed a merfolk javelineer
  5355 | D        | Noticed a merfolk aquamancer
  5356 | D        | Noticed Ilsuiw
  5366 | D        | Killed a merfolk impaler
  5368 | D        | Killed a merfolk aquamancer
  5369 | D        | Noticed a merfolk impaler
  5370 | D        | Noticed a merfolk aquamancer
  5371 | D        | Noticed a merfolk aquamancer
  5377 | D        | Killed a merfolk javelineer
  5381 | D        | Killed a merfolk aquamancer
  5381 | D        | Reached skill level 24 in Shields
  5384 | D        | Noticed a merfolk aquamancer
  5384 | D        | Killed a merfolk aquamancer
  5386 | D        | Noticed a merfolk impaler
  5389 | D        | Noticed a merfolk
  5391 | D        | Killed a merfolk
  5395 | D        | Killed a merfolk aquamancer
  5408 | D        | Killed a merfolk javelineer
  5412 | D        | Killed a merfolk aquamancer
  5420 | D        | Killed a merfolk impaler
  5426 | D        | Killed a merfolk impaler
  5430 | D        | Killed a merfolk
  5435 | D        | Noticed a greater naga
  5435 | D        | Noticed a guardian serpent
  5435 | D        | Noticed a greater naga
  5435 | D        | Noticed a naga
  5435 | D        | Noticed a guardian serpent
  5435 | D        | Noticed a guardian serpent
  5436 | D        | Noticed a greater naga
  5439 | D        | Killed a guardian serpent
  5464 | D        | Noticed a guardian serpent
  5469 | D        | Killed Ilsuiw
  5473 | D        | Noticed a naga warrior
  5477 | D        | Killed a greater naga
  5479 | D        | Killed a naga
  5491 | D        | Killed a naga warrior
  5491 | D        | Reached XP level 16. HP: 110/116 MP: 23/23
  5496 | D        | Noticed a naga
  5498 | D        | Killed a greater naga
  5501 | D        | Killed a naga
  5509 | D        | Killed a greater naga
  5512 | D        | Killed a guardian serpent
  5515 | D        | Killed a guardian serpent
  5520 | D        | Killed a guardian serpent
  5540 | D        | Got a barnacled rune of Zot
  5557 | D        | Gained mutation: Your mind is acute. (Int +2) [mutagenic meat]
  5558 | D        | Gained mutation: Your body sometimes deteriorates upon taking damage. [mutagenic meat]
  5559 | D        | Gained mutation: You are surrounded by a mild repulsion field (EV +2). [mutagenic meat]
  5562 | D        | Lost mutation: Your mind is acute. (Int +2) [mutagenic meat]
  5563 | D        | Lost mutation: You expend magic power (3 MP) to strengthen your wands. [mutagenic meat]
  5680 | D        | Noticed a giant frog
  5685 | D        | Killed a giant frog
  5727 | D        | Killed a jumping spider
  6306 | D        | Bought a pink potion for 23 gold pieces
  6306 | D        | Bought a fuming golden potion for 23 gold pieces
  6306 | D        | Bought a scroll of identify for 52 gold pieces
  6306 | D        | Bought an inky potion for 23 gold pieces
  6306 | D        | Bought a green potion for 23 gold pieces
  6306 | D        | Bought 2 scrolls labeled RITHUGANUC for 52 gold pieces
  6311 | D        | Gained mutation: You are very clumsy. (Dex -4) [potion of mutation]
  6311 | D        | Lost mutation: You are very clumsy. (Dex -4) [potion of mutation]
  6986 | D        | Noticed a naga
  6987 | D        | Noticed a greater naga
  6988 | D        | Noticed a greater naga
  6990 | D        | Got a serpentine rune of Zot
  7000 | D        | Killed a greater naga
  7000 | D        | Received a gift from Okawaru
  7012 | D        | Killed a greater naga
  7015 | D        | Killed a naga
  7126 | D        | Noticed a vault guard
  7126 | D        | Noticed a vault guard
  7126 | D        | Noticed a vault guard
  7126 | D        | Noticed a vault guard
  7126 | D        | Noticed a vault guard
  7126 | D        | Noticed a vault guard
  7131 | D        | Killed a vault guard
  7135 | D        | Noticed a vault guard
  7135 | D        | Killed a vault guard
  7135 | D        | Reached skill level 25 in Armour
  7136 | D        | Noticed a vault guard
  7140 | D        | Noticed a vault guard
  7142 | D        | Killed a vault guard
  7143 | D        | Noticed a vault guard
  7155 | D        | Killed a vault guard
  7158 | D        | Noticed a vault guard
  7168 | D        | Killed a vault guard
  7168 | D        | Received a gift from Okawaru
  7177 | D        | Killed a vault guard
  7178 | D        | Noticed a vault guard
  7180 | D        | Killed a vault guard
  7181 | D        | Noticed a vault guard
  7182 | D        | Noticed a vault guard
  7187 | D        | Killed a vault guard
  7195 | D        | Killed a vault guard
  7203 | D        | Killed a vault guard
  7212 | D        | Killed a vault guard
  7217 | D        | Killed a vault guard
  7218 | D        | Noticed a vault guard
  7222 | D        | Noticed a vault guard
  7229 | D        | Noticed a vault guard
  7230 | D        | Killed a vault guard
  7232 | D        | Noticed a vault guard
  7238 | D        | Killed a vault guard
  7245 | D        | Killed a vault guard
  7253 | D        | Noticed a vault guard
  7255 | D        | Killed a vault guard
  7260 | D        | Noticed a vault guard
  7262 | D        | Killed a vault guard
  7263 | D        | Noticed a vault guard
  7267 | D        | Noticed a vault guard
  7271 | D        | Killed a vault guard
  7273 | D        | Noticed a vault guard
  7277 | D        | Killed a vault guard
  7282 | D        | Noticed a vault guard
  7285 | D        | Killed a vault guard
  7285 | D        | Received a gift from Okawaru
  7286 | D        | Got a dazzling demon whip {god gift}
  7287 | D        | Identified the +11 demon whip of Midsummer {drain, MR+ Dex+3} (Okawaru gifted it to you in the Dungeon)
  7292 | D        | Noticed a vault guard
  7293 | D        | Killed a vault guard
  7301 | D        | Killed a vault guard
  7310 | D        | Killed a vault guard
  7323 | D        | Killed a vault guard
  7328 | D        | Killed a vault guard
  7328 | D        | Reached skill level 26 in Armour
  7403 | D        | Noticed an ironbrand convoker
  7403 | D        | Noticed a stone giant
  7403 | D        | Noticed a deep elf conjurer
  7403 | D        | Noticed a necromancer
  7403 | D        | Noticed a vault warden
  7403 | D        | Noticed an ironbrand convoker
  7404 | D        | Noticed a yaktaur captain
  7405 | D        | Killed an ironbrand convoker
  7406 | D        | Noticed a freezing wraith
  7412 | D        | Killed a stone giant
  7413 | D        | Noticed a yaktaur captain
  7422 | D        | Killed a vault warden
  7426 | D        | Killed a deep elf conjurer
  7426 | D        | Reached skill level 10 in Evocations
  7427 | D        | Noticed a yaktaur
  7428 | D        | Noticed a shadow dragon
  7429 | D        | Killed a necromancer
  7431 | D        | Killed an ironbrand convoker
  7436 | D        | Killed a yaktaur captain
  7437 | D        | Noticed a shadow dragon
  7440 | D        | Killed a yaktaur captain
  7441 | D        | Noticed a vault sentinel
  7453 | D        | Noticed a vault sentinel
  7456 | D        | Killed a shadow dragon
  7456 | D        | Reached skill level 15 in Dodging
  7457 | D        | Noticed an ettin
  7458 | D        | Killed a freezing wraith
  7459 | D        | Noticed a yaktaur captain
  7460 | D        | Killed a yaktaur
  7473 | D        | Killed a shadow dragon
  7477 | D        | Killed a shadow wraith
  7482 | D        | Killed a vault sentinel
  7487 | D        | Killed a vault sentinel
  7490 | D        | Killed an ettin
  7490 | D        | Received a gift from Okawaru
  7494 | D        | Killed a yaktaur captain
  7632 | D        | Noticed a vault warden
  7632 | D        | Noticed a shadow dragon
  7632 | D        | Noticed an ancient lich
  7632 | D        | Noticed a lich
  7632 | D        | Noticed a tentacled monstrosity
  7632 | D        | Noticed a tentacled monstrosity
  7635 | D        | Noticed a Brimstone Fiend
  7650 | D        | Killed an ancient lich
  7650 | D        | Reached XP level 17. HP: 124/126 MP: 15/25
  7651 | D        | Noticed a shadow dragon
  7659 | D        | Killed a vault warden
  7660 | D        | Noticed a shadow dragon
  7675 | D        | Killed a Brimstone Fiend
  7676 | D        | Noticed a stone giant
  7689 | D        | Killed a shadow dragon
  7698 | D        | Killed a lich
  7709 | D        | Killed a tentacled monstrosity
  7719 | D        | Killed a tentacled monstrosity
  7734 | D        | Killed a shadow dragon
  7734 | D        | Received a gift from Okawaru
  7736 | D        | Killed a shadow dragon
  7740 | D        | Killed a stone giant
  7754 | D        | Got a silver rune of Zot
  7876 | D        | Got the amulet of Ejacweph {Faith rN+ Str+3 Int+3 Dex+4}
  7878 | D        | Got the amulet "Nytiroh" {rCorr rF+ Int-2 Dex+3}
  7880 | D        | Got the ring of Buokit {Ice *Corrode +Fly rPois Dex+2}
  7882 | D        | Got the amulet of Axetz {Ward rElec rN+}
  7884 | D        | Got the amulet of Waulyzisch {Gourm rN+ MR++ Dex-2 SInv}
  7913 | D        | Got the +0 hat of Hauliuc {rF+ Dex+5}
  8115 | D        | Noticed Nikola
  8125 | D        | Noticed Jory
  8126 | D        | Killed Nikola
  8129 | D        | Killed an unseen horror
  8163 | D        | Killed Jory
  8196 | D        | Noticed Boris
  8197 | D        | Noticed Xtahua
  8198 | D        | Noticed Mennas
  8202 | D        | Noticed a hell knight
  8206 | D        | Noticed Margery
  8208 | D        | Noticed a hell knight
  8210 | D        | Killed Boris
  8210 | D        | Received a gift from Okawaru
  8210 | D        | Reached skill level 27 in Armour
  8214 | D        | Noticed a hell knight
  8219 | D        | Noticed Mara
  8219 | D        | Killed Xtahua
  8219 | D        | Reached skill level 27 in Shields
  8239 | D        | Killed Mennas
  8241 | D        | Noticed Kidiri's illusion
  8248 | D        | Killed Margery
  8249 | D        | Noticed Louise
  8255 | D        | Killed a hell knight
  8267 | D        | Killed Mara
  8267 | D        | Reached XP level 18. HP: 117/139 MP: 23/28
  8275 | D        | Killed a hell knight
  8275 | D        | Received a gift from Okawaru
  8281 | D        | Killed a hell knight
  8283 | D        | Noticed Norris
  8289 | D        | Killed Louise
  8302 | D        | Killed Norris
  8305 | D        | Noticed Frederick
  8318 | D        | Killed Frederick
  8348 | D        | Got a brightly glowing hat {god gift}
  8359 | D        | Identified the -3 hat of the Shore {rPois rC- rCorr} (Okawaru gifted it to you in the Dungeon)
  8389 | D        | Got a translucent cloak {god gift}
  8400 | D        | Identified the +0 cloak of the Princeling {*Contam Str+6 Int+3 Stlth+} (Okawaru gifted it to you in the Dungeon)
  8430 | D        | Noticed a centaur warrior
  8430 | D        | Noticed a two-headed ogre
  8430 | D        | Noticed a troll
  8430 | D        | Noticed an orc warrior
  8434 | D        | Killed a centaur warrior
  8437 | D        | Killed a two-headed ogre
  8438 | D        | Noticed a crimson imp
  8441 | D        | Killed a troll
  8445 | D        | Killed an orc warrior
  8456 | D        | Killed a crimson imp
  8474 | D        | Noticed a storm dragon
  8474 | D        | Noticed a bone dragon
  8474 | D        | Noticed an ice dragon
  8474 | D        | Noticed a black draconian
  8474 | D        | Noticed an ice dragon
  8474 | D        | Noticed a fire dragon
  8488 | D        | Killed a bone dragon
  8489 | D        | Noticed a mottled draconian
  8495 | D        | Killed an ice dragon
  8496 | D        | Noticed a white draconian
  8499 | D        | Killed a storm dragon
  8500 | D        | Noticed a yellow draconian
  8504 | D        | Noticed a black draconian
  8506 | D        | Killed a black draconian
  8507 | D        | Noticed a red draconian
  8509 | D        | Killed an ice dragon
  8510 | D        | Noticed a storm dragon
  8515 | D        | Killed a fire dragon
  8527 | D        | Killed a white draconian
  8530 | D        | Killed a mottled draconian
  8534 | D        | Killed a yellow draconian
  8539 | D        | Killed a black draconian
  8547 | D        | Killed a red draconian
  8557 | D        | Killed a storm dragon
  8591 | D        | Noticed a moth of wrath
  8591 | D        | Noticed a black draconian
  8591 | D        | Noticed a black draconian monk
  8591 | D        | Noticed an ice dragon
  8591 | D        | Noticed a tentacled monstrosity
  8594 | D        | Killed a moth of wrath
  8595 | D        | Noticed a storm dragon
  8602 | D        | Killed a black draconian monk
  8611 | D        | Killed a black draconian
  8616 | D        | Killed an ice dragon
  8621 | D        | Killed a tentacled monstrosity
  8625 | D        | Killed a ghost moth
  8631 | D        | Killed a storm dragon
  8655 | D        | Noticed a mottled draconian scorcher
  8655 | D        | Noticed a moth of wrath
  8655 | D        | Noticed a yellow draconian
  8655 | D        | Noticed an ice dragon
  8655 | D        | Noticed a yellow draconian
  8655 | D        | Noticed a red draconian
  8662 | D        | Killed a mottled draconian scorcher
  8665 | D        | Killed a moth of wrath
  8665 | D        | Reached skill level 27 in Fighting
  8666 | D        | Noticed a red draconian scorcher
  8670 | D        | Killed a yellow draconian
  8672 | D        | Noticed a black draconian
  8674 | D        | Killed an ice dragon
  8681 | D        | Killed a yellow draconian
  8687 | D        | Killed a red draconian
  8690 | D        | Killed a red draconian scorcher
  8694 | D        | Killed a black draconian
  8694 | D        | Received a gift from Okawaru
  8717 | D        | Noticed a purple draconian
  8717 | D        | Noticed a red draconian knight
  8717 | D        | Noticed a fire dragon
  8717 | D        | Noticed a moth of wrath
  8717 | D        | Noticed a storm dragon
  8717 | D        | Noticed a tentacled monstrosity
  8718 | D        | Noticed a black draconian zealot
  8728 | D        | Killed a purple draconian
  8729 | D        | Noticed a purple draconian knight
  8742 | D        | Killed a red draconian knight
  8747 | D        | Killed a fire dragon
  8748 | D        | Noticed a white draconian
  8753 | D        | Killed a tentacled monstrosity
  8753 | D        | Received a gift from Okawaru
  8756 | D        | Killed a moth of wrath
  8762 | D        | Killed a storm dragon
  8776 | D        | Killed a black draconian zealot
  8785 | D        | Killed a purple draconian knight
  8791 | D        | Killed a white draconian
  8796 | D        | Noticed a tentacled monstrosity
  8796 | D        | Noticed a moth of wrath
  8796 | D        | Noticed a white draconian shifter
  8796 | D        | Noticed a fire dragon
  8796 | D        | Noticed a purple draconian caller
  8796 | D        | Noticed a red draconian
  8797 | D        | Noticed a white draconian knight
  8804 | D        | Noticed a purple draconian annihilator
  8807 | D        | Killed a white draconian shifter
  8807 | D        | Reached skill level 27 in Maces & Flails
  8814 | D        | Killed a tentacled monstrosity
  8814 | D        | Reached XP level 19. HP: 111/151 MP: 25/29
  8817 | D        | Killed a moth of wrath
  8825 | D        | Noticed a white draconian annihilator
  8829 | D        | Killed a fire dragon
  8852 | D        | Killed a purple draconian caller
  8860 | D        | Killed a white draconian knight
  8870 | D        | Killed a red draconian
  8873 | D        | Killed a purple draconian annihilator
  8876 | D        | Killed a white draconian annihilator
  8977 | D        | Lost mutation: Your body sometimes deteriorates upon taking damage. [mutagenic glow]
  9225 | D        | Noticed an Orb Guardian
  9225 | D        | Noticed an Orb Guardian
  9225 | D        | Noticed an Orb Guardian
  9225 | D        | Noticed an Orb Guardian
  9225 | D        | Noticed an Orb Guardian
  9225 | D        | Noticed an Orb Guardian
  9233 | D        | Killed an Orb Guardian
  9241 | D        | Killed an Orb Guardian
  9245 | D        | Killed an Orb Guardian
  9246 | D        | Noticed an Orb Guardian
  9264 | D        | Killed an Orb Guardian
  9265 | D        | Noticed an Orb Guardian
  9267 | D        | Killed an Orb Guardian
  9270 | D        | Killed an Orb Guardian
  9271 | D        | Noticed an Orb Guardian
  9279 | D        | Killed an Orb Guardian
  9280 | D        | Noticed an Orb Guardian
  9284 | D        | Killed an Orb Guardian
  9294 | D        | Killed an Orb Guardian
  9294 | D        | Received a gift from Okawaru
  9298 | D        | Killed an Orb Guardian
  9331 | D        | Noticed a purple draconian knight
  9331 | D        | Noticed a fire dragon
  9331 | D        | Noticed an Orb Guardian
  9331 | D        | Noticed an Orb Guardian
  9331 | D        | Noticed a yellow draconian
  9331 | D        | Noticed a moth of wrath
  9332 | D        | Noticed an Orb Guardian
  9336 | D        | Noticed an Orb Guardian
  9343 | D        | Killed a purple draconian knight
  9349 | D        | Killed a fire dragon
  9356 | D        | Killed an Orb Guardian
  9364 | D        | Killed an Orb Guardian
  9372 | D        | Killed a yellow draconian
  9385 | D        | Killed an Orb Guardian
  9387 | D        | Killed an Orb Guardian
  9389 | D        | Killed a moth of wrath
  9433 | D        | Noticed an ancient lich
  9446 | D        | Killed an ancient lich
  9555 | D        | Noticed an orb of fire
  9580 | D        | Killed an orb of fire
  9580 | D        | Reached skill level 27 in Dodging
  9580 | D        | Reached skill level 10 in Invocations
  9612 | D        | Noticed an electric golem
  9619 | D        | Killed an electric golem
  9624 | D        | Noticed a moth of wrath
  9624 | D        | Noticed an Orb Guardian
  9624 | D        | Noticed a golden dragon
  9624 | D        | Noticed an electric golem
  9624 | D        | Noticed a shadow dragon
  9624 | D        | Noticed a green draconian knight
  9625 | D        | Noticed an orb of fire
  9631 | D        | Killed an Orb Guardian
  9631 | D        | Reached skill level 15 in Evocations
  9632 | D        | Noticed a shadow dragon
  9633 | D        | Noticed an orb of fire
  9633 | D        | Killed a moth of wrath
  9720 | D        | Killed an orb of fire
  9720 | D        | Reached skill level 10 in Stealth
  9720 | D        | Reached XP level 20. HP: 116/157 MP: 25/31
  9733 | D        | Gained mutation: You are frail (-10% HP). [an orb of fire]
  9734 | D        | Killed an orb of fire
  9735 | D        | Noticed a moth of wrath
  9740 | D        | Killed a golden dragon
  9741 | D        | Noticed an Orb Guardian
  9756 | D        | Killed a shadow dragon
  9768 | D        | Noticed a yellow draconian annihilator
  9776 | D        | Killed a green draconian knight
  9776 | D        | Reached skill level 15 in Invocations
  9781 | D        | Noticed a golden dragon
  9801 | D        | Killed an electric golem
  9809 | D        | Killed a shadow dragon
  9816 | D        | Killed an Orb Guardian
  9821 | D        | Killed a moth of wrath
  9826 | D        | Killed a golden dragon
  9826 | D        | Reached skill level 15 in Stealth
  9833 | D        | Killed a yellow draconian annihilator
  9843 | D        | Noticed a black draconian annihilator
  9856 | D        | Killed a black draconian annihilator
  9920 | D        | Noticed an Orb Guardian
  9920 | D        | Noticed an Orb Guardian
  9920 | D        | Noticed an Orb Guardian
  9920 | D        | Noticed an Orb Guardian
  9920 | D        | Noticed an Orb Guardian
  9920 | D        | Noticed an Orb Guardian
  9924 | D        | Killed an Orb Guardian
  9925 | D        | Noticed a moth of wrath
  9928 | D        | Killed an Orb Guardian
  9928 | D        | Received a gift from Okawaru
  9939 | D        | Killed an Orb Guardian
  9940 | D        | Noticed an Orb Guardian
  9950 | D        | Killed an Orb Guardian
  9952 | D        | Killed an Orb Guardian
  9959 | D        | Killed an Orb Guardian
  9968 | D        | Killed an Orb Guardian
  9969 | D        | Noticed an Orb Guardian
  9971 | D        | Killed a moth of wrath
  9972 | D        | Noticed an Orb Guardian
  9973 | D        | Noticed an Orb Guardian
  9981 | D        | Killed an Orb Guardian
  9981 | D        | Received a gift from Okawaru
  9992 | D        | Killed an Orb Guardian
  9993 | D        | Noticed an Orb Guardian
  9999 | D        | Killed an Orb Guardian
 10000 | D        | Noticed a moth of wrath
 10005 | D        | Killed an Orb Guardian
 10006 | D        | Noticed an Orb Guardian
 10009 | D        | Killed a moth of wrath
 10020 | D        | Killed an Orb Guardian
 11548 | D        | Fell from the grace of Okawaru
 11548 | D        | Became a worshipper of the Shining One
 13568 | D        | Noticed an ancient lich
 13568 | D        | Noticed a vampire knight
 13568 | D        | Acquired the Shining One's first power
 13568 | D        | Noticed a vampire knight
 13568 | D        | Noticed a vampire knight
 13568 | D        | Acquired the Shining One's second power
 13568 | D        | Noticed a lich
 13568 | D        | Noticed a vampire knight
 13569 | D        | Noticed a lich
 13574 | D        | Noticed a vampire knight
 13574 | D        | Acquired the Shining One's third power
 13577 | D        | Killed a vampire knight
 13580 | D        | Killed a vampire knight
 13583 | D        | Killed an ancient lich
 13583 | D        | Acquired the Shining One's fourth power
 13585 | D        | Noticed an ancient lich
 13585 | D        | Killed a vampire knight
 13587 | D        | Killed a lich
 13588 | D        | Noticed a vampire knight
 13589 | D        | Noticed a vampire knight
 13592 | D        | Killed a vampire knight
 13595 | D        | Killed a vampire knight
 13598 | D        | Killed a lich
 13607 | D        | Killed a vampire knight
 13616 | D        | Killed an ancient lich
 13616 | D        | Reached XP level 21. HP: 146/146 MP: 34/36
 13618 | D        | Killed a vampire knight
 15393 | D        | Identified a +9 sacred scourge of holy wrath (a +9 demon whip of venom blessed by the Shining One)
 17024 | D        | Noticed a spriggan baker
 17024 | D        | Noticed a spriggan baker
 17024 | D        | Noticed a spriggan baker
 17024 | D        | Noticed a spriggan baker
 17024 | D        | Noticed a spriggan baker
 17024 | D        | Noticed a spriggan baker
 17026 | D        | Killed a spriggan baker
 17028 | D        | Killed a spriggan baker
 17029 | D        | Noticed a spriggan baker
 17030 | D        | Killed a spriggan baker
 17031 | D        | Noticed a spriggan baker
 17033 | D        | Noticed a spriggan baker
 17037 | D        | Noticed a spriggan baker
 17037 | D        | Killed a spriggan baker
 17039 | D        | Killed a spriggan baker
 17040 | D        | Killed a spriggan baker
 17041 | D        | Noticed a spriggan baker
 17044 | D        | Killed a spriggan baker
 17047 | D        | Killed a spriggan baker
 17049 | D        | Killed a spriggan baker
 17052 | D        | Killed a spriggan baker
 17055 | D        | Killed a spriggan baker
 17078 | D        | Noticed a deep elf sorcerer
 17078 | D        | Noticed a deep elf high priest
 17078 | D        | Noticed a deep elf death mage
 17078 | D        | Noticed a deep elf death mage
 17078 | D        | Noticed a deep elf death mage
 17078 | D        | Noticed a deep elf demonologist
 17078 | D        | Noticed a deep elf blademaster
 17083 | D        | Killed a deep elf sorcerer
 17086 | D        | Killed a deep elf death mage
 17087 | D        | Noticed a deep elf sorcerer
 17097 | D        | Killed a deep elf blademaster
 17099 | D        | Killed a deep elf death mage
 17105 | D        | Killed a deep elf death mage
 17106 | D        | Noticed a deep elf demonologist
 17110 | D        | Killed a deep elf sorcerer
 17111 | D        | Noticed a deep elf high priest
 17114 | D        | Killed a deep elf high priest
 17115 | D        | Noticed a deep elf master archer
 17119 | D        | Noticed a deep elf high priest
 17120 | D        | Noticed a deep elf master archer
 17120 | D        | Killed a deep elf demonologist
 17125 | D        | Killed a deep elf demonologist
 17127 | D        | Noticed a deep elf annihilator
 17130 | D        | Killed a deep elf high priest
 17138 | D        | Killed a deep elf master archer
 17142 | D        | Killed a deep elf annihilator
 17147 | D        | Killed a deep elf master archer
 17154 | D        | Killed a deep elf high priest
 17165 | D        | Got an elven rune of Zot
 17187 | D        | Noticed a death ooze
 17187 | D        | Noticed a golden eye
 17187 | D        | Noticed a golden eye
 17187 | D        | Noticed a death ooze
 17187 | D        | Noticed an azure jelly
 17187 | D        | Noticed an acid blob
 17189 | D        | Killed a golden eye
 17189 | D        | Killed a death ooze
 17196 | D        | Killed a golden eye
 17203 | D        | Killed an azure jelly
 17209 | D        | Killed an acid blob
 17212 | D        | Killed a death ooze
 17215 | D        | Paralysed by a giant eyeball for 4 turns
 17219 | D        | Noticed an azure jelly
 17220 | D        | Noticed a death ooze
 17229 | D        | Noticed the royal jelly
 17235 | D        | Killed an azure jelly
 17238 | D        | Killed a death ooze
 17240 | D        | Paralysed by a giant eyeball for 2 turns
 17254 | D        | Noticed a death ooze
 17282 | D        | Killed the royal jelly
 17282 | D        | Paralysed by a giant eyeball for 2 turns
 17287 | D        | Paralysed by a giant eyeball for 3 turns
 17636 | D        | Killed a death ooze
 17740 | D        | Paralysed by a giant eyeball for 2 turns
 17742 | D        | Noticed an acid blob
 17743 | D        | Noticed an azure jelly
 17744 | D        | Noticed an azure jelly
 17752 | D        | Killed an acid blob
 17753 | D        | Noticed an acid blob
 17756 | D        | Killed an azure jelly
 17763 | D        | Killed an azure jelly
 17764 | D        | Noticed a golden eye
 17768 | D        | Killed an acid blob
 17769 | D        | Noticed a death ooze
 17770 | D        | Noticed an eye of draining
 17772 | D        | Killed a golden eye
 17774 | D        | Killed a death ooze
 17778 | D        | Killed an eye of draining
 17784 | D        | Got a slimy rune of Zot
 17928 | D        | Noticed a sphinx
 17928 | D        | Noticed a sphinx
 17928 | D        | Noticed a sphinx
 17928 | D        | Noticed a sphinx
 17928 | D        | Noticed a sphinx
 17928 | D        | Noticed a sphinx
 17933 | D        | Killed a sphinx
 17937 | D        | Killed a sphinx
 17941 | D        | Noticed a sphinx
 17941 | D        | Killed a sphinx
 17941 | D        | Reached skill level 27 in Stealth
 17942 | D        | Noticed a sphinx
 17943 | D        | Noticed a sphinx
 17945 | D        | Noticed a sphinx
 17945 | D        | Killed a sphinx
 17949 | D        | Noticed a sphinx
 17950 | D        | Killed a sphinx
 17954 | D        | Killed a sphinx
 17965 | D        | Killed a sphinx
 17969 | D        | Killed a sphinx
 17969 | D        | Reached skill level 27 in Invocations
 17974 | D        | Killed a sphinx
 17980 | D        | Killed a sphinx
 17989 | D        | Killed a sphinx
 18285 | D        | Noticed a sphinx
 18292 | D        | Killed a sphinx
 18326 | D        | Noticed a guardian mummy
 18326 | D        | Noticed a guardian mummy
 18326 | D        | Noticed a guardian mummy
 18326 | D        | Noticed a guardian mummy
 18326 | D        | Noticed a guardian mummy
 18326 | D        | Noticed a guardian mummy
 18328 | D        | Killed a guardian mummy
 18329 | D        | Noticed a guardian mummy
 18331 | D        | Killed a guardian mummy
 18332 | D        | Noticed a guardian mummy
 18335 | D        | Killed a guardian mummy
 18336 | D        | Noticed a guardian mummy
 18339 | D        | Killed a guardian mummy
 18340 | D        | Killed a guardian mummy
 18341 | D        | Noticed a guardian mummy
 18344 | D        | Killed a guardian mummy
 18347 | D        | Killed a guardian mummy
 18351 | D        | Killed a guardian mummy
 18353 | D        | Killed a guardian mummy
 18357 | D        | Killed a guardian mummy
 18378 | D        | Noticed a guardian mummy
 18378 | D        | Noticed a mummy priest
 18378 | D        | Noticed a mummy priest
 18378 | D        | Noticed a guardian mummy
 18378 | D        | Noticed a mummy priest
 18378 | D        | Noticed a guardian mummy
 18379 | D        | Killed a guardian mummy
 18379 | D        | Reached skill level 1 in Throwing
 18380 | D        | Noticed a guardian mummy
 18382 | D        | Killed a mummy priest
 18382 | D        | Reached skill level 27 in Evocations
 18383 | D        | Noticed a guardian mummy
 18388 | D        | Killed a mummy priest
 18388 | D        | Reached XP level 22. HP: 125/152 MP: 39/39
 18390 | D        | Killed a guardian mummy
 18390 | D        | Reached skill level 5 in Throwing
 18393 | D        | Killed a mummy priest
 18396 | D        | Killed a guardian mummy
 18397 | D        | Noticed a guardian mummy
 18399 | D        | Killed a guardian mummy
 18403 | D        | Killed a guardian mummy
 18404 | D        | Killed a guardian mummy
 18454 | D        | Noticed a guardian mummy
 18454 | D        | Noticed a greater mummy
 18454 | D        | Noticed a guardian mummy
 18454 | D        | Noticed a mummy priest
 18454 | D        | Noticed a greater mummy
 18454 | D        | Noticed a greater mummy
 18457 | D        | Killed a guardian mummy
 18464 | D        | Killed a greater mummy
 18465 | D        | Noticed a guardian mummy
 18469 | D        | Noticed a greater mummy
 18471 | D        | Killed a guardian mummy
 18472 | D        | Noticed a greater mummy
 18477 | D        | Killed a mummy priest
 18873 | D        | Killed a greater mummy
 18922 | D        | Killed a greater mummy
 18927 | D        | Killed a guardian mummy
 18962 | D        | Killed a greater mummy
 19043 | D        | Killed a greater mummy
 19061 | D        | Got a golden rune of Zot
 19065 | D        | Noticed a demonic crawler
 19065 | D        | Noticed a sixfirhy
 19065 | D        | Noticed a small abomination
 19065 | D        | Noticed an orange demon
 19065 | D        | Noticed a jelly
 19065 | D        | Noticed a wandering mushroom
 19066 | D        | Noticed a large abomination
 19070 | D        | Killed a demonic crawler
 19074 | D        | Killed a sixfirhy
 19075 | D        | Killed a small abomination
 19076 | D        | Noticed a wretched star
 19077 | D        | Noticed a guardian serpent
 19080 | D        | Killed an orange demon
 19081 | D        | Killed a jelly
 19082 | D        | Noticed a deep elf demonologist
 19085 | D        | Killed a wandering mushroom
 19088 | D        | Killed a large abomination
 19090 | D        | Killed a wretched star
 19092 | D        | Killed a guardian serpent
 19096 | D        | Killed a deep elf demonologist
 19098 | D        | Got an abyssal rune of Zot
 19773 | D        | Was forgiven by Okawaru
 20449 | D        | Noticed Geryon
 20462 | D        | Killed Geryon
 20464 | D        | Noticed Ereshkigal
 20464 | D        | Noticed Cerebov
 20465 | D        | Noticed Antaeus
 20504 | D        | Killed Ereshkigal
 20553 | D        | Killed Antaeus
 20583 | D        | HP: 6/152 [Cerebov/great blast of fire (23)]
 20940 | D        | Killed Cerebov
 20940 | D        | Reached skill level 27 in Throwing
 21108 | D        | Got a bone rune of Zot
 21110 | D        | Noticed Asmodeus
 21117 | D        | Noticed Mnoleg
 21164 | D        | HP: 2/152 [hellion/burst of hellfire[Asmodeus] (25)]
 21165 | D        | Killed from afar by a hellion

Vault maps used:
D:        linesprint

Action                   |  1- 3 |  4- 6 |  7- 9 | 10-12 | 13-15 | 16-18 | 19-21 | 22-24 || total
-------------------------+-------+-------+-------+-------+-------+-------+-------+-------++-------
Melee: Flail             |    47 |    39 |    96 |   125 |       |    10 |   190 |       ||   507
       Morningstar       |       |       |       |   269 |   145 |       |       |       ||   414
       Demon whip        |       |       |       |       |   731 |   772 |   426 |       ||  1929
       Sacred scourge    |       |       |       |       |       |       |   333 |   283 ||   616
Throw: Throwing net      |       |       |       |     2 |     2 |     1 |       |       ||     5
       Javelin           |       |       |       |       |       |       |       |     6 ||     6
Invok: Heroism           |       |     1 |     1 |     7 |     9 |     6 |     5 |       ||    29
       Finesse           |       |       |       |     4 |     9 |     6 |     5 |       ||    24
       Divine Shield     |       |       |       |       |       |       |     8 |     4 ||    12
       Cleansing Flame   |       |       |       |       |       |       |     5 |    10 ||    15
       Summon Divine War |       |       |       |       |       |       |     1 |     2 ||     3
 Abil: Evoke Invisibilit |       |       |       |       |       |     2 |       |       ||     2
       Spit Poison       |       |       |       |       |       |     2 |       |       ||     2
       Stop Flying       |       |       |       |       |       |       |     2 |     1 ||     3
       Fly               |       |       |       |       |       |       |     1 |     1 ||     2
Evoke: Wand              |       |       |       |       |       |     1 |     6 |       ||     7
  Use: Potion            |       |     1 |     2 |     5 |     2 |     1 |       |     8 ||    19
       Scroll            |       |       |     4 |     4 |     5 |    10 |     1 |       ||    24
 Stab: Held in net/web   |       |       |       |     2 |       |     1 |       |       ||     3
       Invisible         |       |       |       |       |       |     6 |       |       ||     6
       Distracted        |       |       |       |       |       |       |       |     1 ||     1
  Eat: Chunk             |       |       |     1 |     9 |    17 |    12 |     1 |       ||    40
       Beef jerky        |       |       |       |     1 |       |       |       |       ||     1
       Meat ration       |       |       |       |     1 |     1 |     1 |     2 |       ||     5
       Pizza             |       |       |       |       |       |     1 |       |       ||     1
       Fruit             |       |       |       |       |       |       |    26 |    13 ||    39
